 Dungeon Sprint DCSS version 0.28-a0-79-g444c7a33f5 (webtiles) character file.

Game seed: 14741801313921509256

16 Zeldest the Slasher (level 2, -4/37 HPs)
             Began as a Demigod Gladiator on Aug 2, 2021.
             Slain by a scorpion (6 damage)
             ... in the Dungeon (Sprint IX: "|||||||||||||||||||||||||||||").
             The game lasted 00:00:15 (26 turns).

Zeldest the Slasher (Demigod Gladiator)               Turns: 26, Time: 00:00:15

Health: -4/37      AC:  4    Str: 15    XL:     2   Next: 27%
Magic:  4/4        EV: 13    Int: 10    God:
Gold:   0          SH:  0    Dex: 15    Spells: 1/1 levels left

rFire   . . .      SeeInvis .   a - +0 long sword
rCold   . . .      Faith    .   (no shield)
rNeg    . . .      Spirit   .   b - +0 leather armour
rPois   .          Reflect  .   c - +0 helmet
rElec   .          Harm     .   (no cloak)
rCorr   .          Rampage  .   (no gloves)
Will    .....      NoTele   +   (no boots)
Stlth   ..........              (no amulet)
HPRegen 0.12/turn               (no ring)
MPRegen 0.09/turn               (no ring)

@: berserking, lethally poisoned (-4 -> -15), very quick
A: high mp 1, forlorn
a: no special abilities


You were in the Dungeon.
You visited 1 branch

Inventory:

Hand Weapons
 a - a +0 long sword (weapon)
Missiles
 d - 3 throwing nets (quivered)
Armour
 b - a +0 leather armour (worn)
 c - a +0 helmet (worn)
Scrolls
 j - a scroll of blinking
Potions
 e - a potion of curing
 f - a potion of heal wounds
 g - a potion of haste
 h - 2 potions of magic


   Skills:
 + Level 2.8 Fighting
 + Level 3.5 Long Blades
 - Level 1.7 Throwing
 + Level 3.5 Dodging
 + Level 2.0 Evocations


You had one spell level left.
You didn't know any spells.
Your spell library was empty.

Dungeon Overview and Level Annotations

Branches:
Dungeon (1/1)


Innate Abilities, Weirdness & Mutations

Your attributes grow dramatically as you level up.
You have an increased reservoir of magic. (+10% MP)
You shall have no god before yourself.


Message History

You slash the endoplasm!
You kill the endoplasm!
You barely miss the hobgoblin. The hobgoblin hits you.
You barely miss the hobgoblin.
The hobgoblin hits you but does no damage.
You hit the hobgoblin.
You kill the hobgoblin!
You hit the endoplasm.
You kill the endoplasm!
There is an open door to the Dungeon here.
Things that are here:
a hobgoblin corpse; a quokka corpse You open the door.
An adder, a hound, a scorpion, a necrophage and a howler monkey come into view.
The hound barks!
The howler monkey howls!
The adder hisses angrily.
The adder bites you but does no damage. The adder bites you.
There is an open door here.
A red film seems to cover your vision as you go berserk!
You feel yourself moving faster!
You feel mighty! The adder bites you.
You completely miss the adder. The adder bites you but does no damage.
You slash the adder!
You kill the adder!
The howler monkey hoots and howls with incredible vigour!
Your Evocations skill increases to level 2!
You have reached level 2!
You slash the scorpion!
The scorpion is moderately wounded.
The scorpion closely misses you.
You closely miss the scorpion.
The scorpion is moderately wounded.
The scorpion stings you!
* * * LOW HITPOINT WARNING * * *
You are lethally poisoned!
The scorpion poisons you!
You hit the scorpion but do no damage.
The scorpion is moderately wounded.
* * * LOW HITPOINT WARNING * * *
You feel very sick. The scorpion stings you.
You die...

▓.▓
▓.▓
▓†▓
▓.▓
▓.▓
▓.▓
▓.▓
▓.▓
▓@▓
▓s▓
▓n▓
▓h▓
▓h▓
▓.▓
▓+▓


You could see a necrophage, a scorpion, a howler monkey (catching breath) and a
hound.

Vanquished Creatures
  An adder (D)
  3 endoplasms (D)
  A hobgoblin (D)
  A quokka (D)
6 creatures vanquished.

Notes
Turn   | Place    | Note
-------+----------+-------------------------------------------
     0 | D        | Zeldest the Demigod Gladiator began the quest for the Orb.
     0 | D        | Reached XP level 1. HP: 17/17 MP: 3/3
     7 | D        | Reached skill level 1 in Evocations
    19 | D        | Noticed a scorpion
    19 | D        | Noticed a necrophage
    19 | D        | Noticed a howler monkey
    19 | D        | Noticed a hound
    24 | D        | Reached XP level 2. HP: 12/25 MP: 4/4
    26 | D        | Slain by a scorpion

Illustrated notes

Levels and vault maps discovered:
D:        linesprint [early_d, line_temple, items_1, d_10, items_2, lair_1,
          lair_end, items_3, orc_1, orc_end, items_4, d_15, swamp_1, shoals_1,
          snake_1, spider_1, d_20, vaults_1, items_5, swamp_end, shoals_end,
          snake_end, spider_end, vaults_end, d_27, items_6, zot_1, zot_end,
          crypt_end, forest_end, elf_end, slime_end, tomb_end, abyss_end,
          pan_hell_end]

Skill      XL: |  1 |
---------------+----+-----
Fighting       | 2 |  2.8
Long Blades    | 3 |  3.5
Dodging        | 3 |  3.5
Evocations     | 2 |  2.0
Throwing       | |  1.7

Action                   || total
-------------------------++-------
Melee: Long sword        ||    14
  Use: Potion            ||     1
Armor: Leather armour    ||     4
Dodge: Dodged            ||     1

Table legend: (Time is in decaauts)
 A = Elapsed time spent in this place.
 B = Non-inter-level travel time spent in this place.
 C = Inter-level travel time spent in this place.
 D = Time resting spent in this place.
 E = Time spent auto-exploring this place.
 F = Levels seen in this place.
 G = Mean time per level.
                   A        B        C        D        E       F      G
               +--------+--------+--------+--------+--------+-----+--------+
         Total |     27 |     27 |      0 |      0 |      0 |   1 |   27.0 |
       Dungeon |     27 |     27 |      0 |      0 |      0 |   1 |   27.0 |
               +--------+--------+--------+--------+--------+-----+--------+

Top non-repeatable levels by time:
       D: 27 daAuts
